[Event "Early-Titled-Tuesday-Blitz-November-28-2023"]
[Site "Chess.com"]
[Date "2023.11.28"]
[Round "5"]
[White "Alexchess1984"]
[Black "FARIZA2018"]
[Result "1-0"]
[WhiteElo "2709"]
[BlackElo "2526"]
[TimeControl "180+1"]
[EndTime "8:58:07 PST"]
[Termination "Alexchess1984 won by resignation"]

1. e4 e5 2. Nc3 Nf6 3. d4 exd4 4. Qxd4 Nc6 5. Qd3 Bb4 6. Bd2 d6 7. O-O-O O-O 8. Qg3 Ne5 9. f3 Be6 10. h4 Kh8 11. h5 h6 12. Qf2 Nc4 13. Bxc4 Bxc4 14. g4 Nd7 15. Qd4 Ne5 16. Qf2 Be6 17. a3 Bc5 18.
Be3 Bxe3+ 19. Qxe3 Nc4 20. Qd3 Qg5+ 21. Kb1 b5 22.
Nge2 Ne5 23. Qxb5 Nxf3 24. Qxg5 Nxg5 25. Rhg1 Rab8 26. Nf4 Bd7 27. Nfd5 Nf3 28. Rg3 Ne5 29. Nxc7 Bxg4 30. Rxd6 Nc4 31. Rc6 Ne5 32. Rc5 f6 33.
Rxe5 fxe5 34. Rxg4 Rf1+ 35. Ka2 Rf2 36. Na6 Rd8 37. Nb4 Rh2 38. Ncd5 Rxh5 39. Nc6 Re8 40. Nxa7 Rh2 41. c4 h5 42. Rg5 Kh7 43. Nc6 Kh6 44.
Rf5 h4 45. Nxe5 Re2 46. Ng4+ Kg6 47. Nf4+ 1-0

[Event "Early-Titled-Tuesday-Blitz-November-28-2023"]
[Site "Chess.com"]
[Date "2023.11.28"]
[Round "5"]
[White "verrbaa"]
[Black "Auger_Pi"]
[Result "1-0"]
[WhiteElo "2482"]
[BlackElo "2599"]
[TimeControl "180+1"]
[EndTime "8:58:07 PST"]
[Termination "verrbaa won by resignation"]

1. e4 c5 2. Nf3 d6 3. d4 cxd4 4. Nxd4 Nf6 5. Nc3 g6 6. Bc4 Bg7 7. O-O O-O 8. Re1 Nc6 9. Nb3 a6 10. a4 Bd7 11. Bf1 Nb4 12. a5 Rc8 13. Be3 Nc6 14. Bb6 Qe8 15. Nd5 Be6 16. c3 Qd7 17. Be3 Bxd5 18. exd5 Ne5 19. h3 Nc4 20. Bc1 Rfe8 21.
Qf3 Qf5 22. Qxf5 gxf5 23. Rd1 Ne4 24. Ra4 Ne5 25. f3 Nc5 26. Nxc5 Rxc5 27. Be3 Rcc8 28. Rb4 Rc7 29. f4 Nd7 30. Bd3 e6 31. dxe6 fxe6 32.
Be2 d5 33. Kf2 Re7 34. g3 Nc5 35. Bf3 Ne4+ 36. Bxe4 fxe4 37. Ke2 h5 38. Rf1 Rf7 39. g4 hxg4 40. hxg4 Bf8 41. Rb6 Rf6 42. f5 Rcf7 43. Bg5 Bc5 44. Bxf6 Bxb6 45. fxe6 Rxf6 46. Rxf6 Bxa5 47. e7 Kg7 48. g5 1-0

[Event "Early-Titled-Tuesday-Blitz-November-28-2023"]
[Site "Chess.com"]
[Date "2023.11.28"]
[Round "5"]
[White "Kovalyov_Eduard"]
[Black "LeoWin2012"]
[Result "1-0"]
[WhiteElo "2454"]
[BlackElo "2268"]
[TimeControl "180+1"]
[EndTime "8:58:07 PST"]
[Termination "Kovalyov_Eduard won by checkmate"]

1. d4 c6 2. c4 d5 3. cxd5 cxd5 4. Nc3 Nf6 5. Bf4 Bf5 6. e3 e6 7. Qb3 Nc6 8. Qxb7 Nb4 9. Bb5+ Nd7 10. Bxd7+ Qxd7 11. Qxa8+ Ke7 12. Nf3 Nc2+ 13. Kd2 Nxa1 14. Rxa1 f6 15. Rc1 Kf7 16. Bb8 Be7 17. Qxa7 Qc6 18.
Bf4 Ra8 19. Qc7 Qe8 20. Bd6 g5 21. Qxe7+ Qxe7 22. Bxe7 Kxe7 23. a4 h5 24. b4 h4 25.
Ra1 h3 26. g3 g4 27. Ne1 Bg6 28. Nd3 Be8 29. Nc5 f5 30. a5 Kd6 31. b5 e5 32.
a6 exd4 33. exd4 Rb8 34. a7 Ra8 35. b6 Bc6 36. Ra6 Ke7 37. b7 Bxb7 38. Nxb7 Kd7 39.
Nc5+ Kc7 40. Nb5+ Kc8 41. Rc6+ Kd8 42. Rb6 Kc8 43. Ke3 f4+ 44. Kxf4 Kd8 45. Rb8+ Ke7 46. Rxa8 Kf7 47. Rh8 Kg7 48. a8=Q Kf6 49. Qf8+ Kg6 50. Rh6# 1-0

[Event "Early-Titled-Tuesday-Blitz-November-28-2023"]
[Site "Chess.com"]
[Date "2023.11.28"]
[Round "5"]
[White "AryanTari"]
[Black "Hikaru"]
[Result "1-0"]
[WhiteElo "2984"]
[BlackElo "3212"]
[TimeControl "180+1"]
[EndTime "8:58:08 PST"]
[Termination "AryanTari won by resignation"]

1. e4 a6 2. a3 e5 3. Nf3 Nc6 4. Nc3 Nf6 5. d4 exd4 6. Nxd4 Nxe4 7. Nxc6 Nxc3 8. Nxd8 Nxd1 9. Nxf7 Kxf7 10. Bc4+ Kf6 11.
Kxd1 c6 12. h4 d5 13. Bd3 Bf5 14. Bg5+ Kg6 15. Kd2 Bc5 16. f3 Rae8 17. Rae1 Bd4 18. c3 Bf2 19. Ref1 Bg3 20. Be3 h5 21. f4 Bxd3 22. Kxd3 Kf5 23. Rf3 Kg4 24. f5 Rhf8 25.
Rhf1 Rf7 26. Bd4 Re4 27. f6 g6 28. c4 Bxh4 29. cxd5 cxd5 30. Rc1 Rf4 31. Rxf4+ Kxf4 32. Rf1+ Kg4 33. Be5 Bg3 34. Kd4 Bxe5+ 35. Kxe5 Kg3 36. Ke6 Rf8 37. f7 Kxg2 38. Rf6 g5 39. Rf5 g4 40. Rxh5 g3 41. Rxd5 Kf3 42. Ke7 g2 43. Rg5 Rc8 44. f8=Q+ Rxf8 45. Kxf8 Kf2 46. Ke7 Kf1 47. Kd6 1-0

[Event "Early-Titled-Tuesday-Blitz-November-28-2023"]
[Site "Chess.com"]
[Date "2023.11.28"]
[Round "5"]
[White "Msb2"]
[Black "Zhigalko_Sergei"]
[Result "1-0"]
[WhiteElo "3052"]
[BlackElo "2906"]
[TimeControl "180+1"]
[EndTime "8:58:08 PST"]
[Termination "Msb2 won on time"]

1. d4 Nf6 2. c4 e6 3. Nc3 Bb4 4. e3 O-O 5. Bd2 d6 6. Bd3 Nbd7 7. Nge2 b6 8. a3 Bxc3 9. Nxc3 Bb7 10. e4 c5 11. d5 Ne5 12. Be2 exd5 13. exd5 Re8 14. O-O Bc8 15. Qc2 Bg4 16. f3 Bh5 17. Bg5 h6 18.
Bh4 Bg6 19. Qd2 Bh7 20. Rae1 Ng6 21. Bf2 Qd7 22. Bd3 Ne5 23. Bxh7+ Nxh7 24. b3 Re7 25. Bg3 Rae8 26. Re2 Nf8 27. Rfe1 Nfg6 28. Qc2 f5 29. h4 h5 30. Qd2 Nf7 31. a4 Qd8 32. Qd3 Rxe2 33. Rxe2 Rxe2 34. Qxe2 Qf6 35. Nb5 Nfe5 36.
Nc7 f4 37. Be1 Nxh4 38. Ne8 Qe7 39. Bxh4 Qxe8 40. Qe4 Qg6 41. Qxf4 Qc2 42. Be7 Nf7 43. Bxd6 Qxb3 44. Bc7 Qxa4 45. Qf5 Qxc4 46. d6 Qc1+ 47. Kh2 Qd2 48. d7 c4 49. Qe6 c3 50. d8=Q+ Qxd8 51. Bxd8 c2 52. Qe8+ 1-0

[Event "Early-Titled-Tuesday-Blitz-November-28-2023"]
[Site "Chess.com"]
[Date "2023.11.28"]
[Round "5"]
[White "pirulillo"]
[Black "zverr1"]
[Result "1-0"]
[WhiteElo "2316"]
[BlackElo "2516"]
[TimeControl "180+1"]
[EndTime "8:58:08 PST"]
[Termination "pirulillo won on time"]

1. e4 c5 2. Nf3 g6 3. d4 cxd4 4. Nxd4 Nc6 5. Nc3 Bg7 6. Nb3 Nf6 7.
Be2 O-O 8. O-O d6 9. Bg5 Be6 10. Kh1 Na5 11. Nxa5 Qxa5 12. f4 Rfe8 13. Bd3 Rac8 14.
Qe2 Qb4 15. Rab1 Bc4 16. a3 Bxd3 17. cxd3 Qd4 18. Bh4 Qb6 19. f5 Qa5 20. Bxf6 Bxf6 21. Nd5 Be5 22. fxg6 hxg6 23. Qf3 f6 24. d4 Bxd4 25.
Qg4 Kf7 26. Nf4 Qg5 27. Qe6+ Kf8 28. Qxc8 Rxc8 29. Ne6+ Ke8 30. Nxg5 fxg5 31. b3 Rc2 32. a4 Kd7 33. Rfc1 Re2 34. Re1 Rc2 35. Rbd1 Be5 36. Rd3 Rb2 37. Red1 g4 38. g3 a5 39. R1d2 Rb1+ 40. Kg2 b6 41. Rd5 Ke6 42. R5d3 Kd7 43. h3 gxh3+ 44. Kxh3 Ke6 45. Kg4 Kf6 46. Rf2+ Kg7 47.
Rc2 Bf6 48. Rc6 1-0

[Event "Early-Titled-Tuesday-Blitz-November-28-2023"]
[Site "Chess.com"]
[Date "2023.11.28"]
[Round "5"]
[White "fighter2jz"]
[Black "rasmussvane"]
[Result "0-1"]
[WhiteElo "2853"]
[BlackElo "3001"]
[TimeControl "180+1"]
[EndTime "8:58:09 PST"]
[Termination "rasmussvane won by resignation"]

1. e4 c6 2. d4 d5 3. e5 Bf5 4. h4 h5 5. Bd3 Bxd3 6. Qxd3 Qa5+ 7. Nd2 e6 8. Nf3 Nh6 9. O-O Nf5 10. Nb3 Qb5 11. Qd1 c5 12. a4 Qb6 13. a5 Qb5 14.
Bg5 a6 15. dxc5 Bxc5 16. Nxc5 Qxc5 17. c3 Nc6 18. Ra4 Rc8 19. Re1 Qb5 20. Rf4 Qxa5 21. b4 Qc7 22. Rxf5 exf5 23. e6 O-O 24. Qxd5 fxe6 25.
Rxe6 Qf7 26. Qd6 Rcd8 27. Bxd8 Rxd8 28. Qxd8+ Nxd8 29. Rd6 Nc6 30. Ng5 Qe7 31. Re6 Qd7 32.
g3 Nd8 33. Re3 g6 34. Nf3 Nc6 35. Ng5 Kg7 36. Ne6+ Kf6 37. Ng5 Ne5 38. Kg2 Qd5+ 39. Kg1 Ng4 40. Re8 Qd1+ 41. Kg2 Qd2 42. Re6+ Kg7 43. Re7+ Kf8 44. Rf7+ Ke8 0-1

[Event "Early-Titled-Tuesday-Blitz-November-28-2023"]
[Site "Chess.com"]
[Date "2023.11.28"]
[Round "5"]
[White "DuleMudule"]
[Black "Aslanov_Umid"]
[Result "1-0"]
[WhiteElo "2812"]
[BlackElo "2513"]
[TimeControl "180+1"]
[EndTime "8:58:10 PST"]
[Termination "DuleMudule won by resignation"]

1. d4 d5 2. Bg5 Nf6 3. e3 e6 4. Nd2 Be7 5. Bd3 c5 6. c3 h6 7. Bh4 b6 8. f4 Bb7 9. Bxf6 Bxf6 10. Ngf3 Nd7 11. Qe2 cxd4 12. exd4 Qc7 13. g3 O-O 14. O-O Rae8 15. Ne5 Bxe5 16. fxe5 f6 17. exf6 Rxf6 18. Rxf6 Nxf6 19. Nf3 Ne4 20. Ne5 Rf8 21. Rf1 Qd8 22.
Ng6 Rxf1+ 23. Qxf1 Qg5 24. Qf8+ Kh7 25. Nf4 Qf5 26. Qe7 Bc8 27. Qe8 Bb7 28. Qxe6 Qxe6 29. Nxe6 Kg6 30. Nf4+ Kf5 31. Ng2 g5 32. Ne3+ Ke6 33.
Bxe4 dxe4 34. c4 a6 35. a4 h5 36. Kf2 Bc8 37. Ke2 Bd7 38. b3 b5 39. axb5 axb5 40. Kd2 h4 41. gxh4 gxh4 42. Ng2 h3 43. Nf4+ Kf5 44.
Ke3 bxc4 45. bxc4 Kg4 46. c5 Bf5 47. d5 Kg5 48. c6 Kf6 49. d6 Kf7 50. Kd4 Ke8 51. Ke5 Bh7 52. d7+ Ke7 53. Nd5+ 1-0

[Event "Early-Titled-Tuesday-Blitz-November-28-2023"]
[Site "Chess.com"]
[Date "2023.11.28"]
[Round "5"]
[White "OK97"]
[Black "Iskusnyh"]
[Result "1-0"]
[WhiteElo "2787"]
[BlackElo "2557"]
[TimeControl "180+1"]
[EndTime "8:58:12 PST"]
[Termination "OK97 won on time"]

1. e4 e6 2. d4 d5 3. e5 c5 4. c3 Nc6 5. Nf3 Nge7 6. Be2 Nf5 7. Na3 cxd4 8. cxd4 Bd7 9. Nc2 Be7 10. O-O O-O 11.
Bd3 f6 12. Bxf5 exf5 13. Re1 a5 14. Bf4 Be8 15. Qd3 Bh5 16. exf6 Bxf6 17. Ne5 Kh8 18.
Rac1 Ra6 19. Na3 Bxe5 20. Bxe5 f4 21. f3 Nb4 22. Qd2 Rg6 23. Kh1 Qh4 24. Rf1 Rh6 25.
Qe1 Qg5 26. Rc7 Rg8 27. Nb5 Nd3 28. Qe2 Bg6 29. Nd6 Qh4 30. h3 Qg3 31. Nf7+ Bxf7 32. Rxf7 Nxe5 33. dxe5 Re6 34. Rxb7 Qg5 35. Re1 Rge8 36.
Rb5 Rxe5 37. Qxe5 Rxe5 38. Rb8+ 1-0

[Event "Early-Titled-Tuesday-Blitz-November-28-2023"]
[Site "Chess.com"]
[Date "2023.11.28"]
[Round "5"]
[White "Meri-Arabidze"]
[Black "h4parah5"]
[Result "1/2-1/2"]
[WhiteElo "2695"]
[BlackElo "2931"]
[TimeControl "180+1"]
[EndTime "8:58:13 PST"]
[Termination "Game drawn by repetition"]

1. Nf3 Nf6 2. b3 g6 3. Bb2 Bg7 4. g3 O-O 5. Bg2 d6 6. O-O e5 7.
c4 Re8 8. d3 Nc6 9. Nc3 h6 10. a3 a5 11. Rb1 Bf5 12. Nd2 Qd7 13. Nde4 Nxe4 14. dxe4 Be6 15. Nd5 h5 16. Bc1 Ne7 17. Bg5 Nxd5 18. cxd5 Bh3 19. Bxh3 Qxh3 20. Rc1 Qg4 21. Be3 Qxe4 22. Rxc7 Rec8 23. Rxb7 Rab8 24. Ra7 Rc3 25. Bg5 Rbxb3 26. Rxa5 Rxa3 27. Rxa3 Rxa3 28. Qc1 Ra5 29. Qc8+ Kh7 30. Qd7 Qxd5 31. Be7 Ra6 32. h4 Qc4 33. e3 d5 34. Bg5 d4 35. exd4 exd4 36. Re1 d3 37. Re7 Ra1+ 38. Kh2 Qd4 39. Rxf7 Kg8 40. Qe8+ Kh7 41. Qd7 Kg8 42. Qe8+ Kh7 43.
Qd7 1/2-1/2

[Event "Early-Titled-Tuesday-Blitz-November-28-2023"]
[Site "Chess.com"]
[Date "2023.11.28"]
[Round "5"]
[White "Eagle_2019"]
[Black "dropstoneDP"]
[Result "0-1"]
[WhiteElo "2669"]
[BlackElo "2959"]
[TimeControl "180+1"]
[EndTime "8:58:13 PST"]
[Termination "dropstoneDP won on time"]

1. d4 d5 2. c4 e6 3. Nc3 Nf6 4. Nf3 Be7 5. cxd5 exd5 6. Qc2 c6 7. Bf4 Nh5 8. Bd2 O-O 9. e3 Nd7 10. Bd3 Nhf6 11. O-O Bd6 12. Rab1 a5 13. a3 Re8 14. b4 axb4 15. axb4 Nb6 16. b5 Bg4 17. bxc6 bxc6 18. Ne2 Ne4 19. Ng3 Nxd2 20. Nxd2 g6 21. Qxc6 Rb8 22. Rb2 Re6 23. Qc2 h5 24. Rfb1 h4 25.
Ngf1 Rc8 26. Qb3 h3 27. g3 Bf8 28. Qb5 Qf6 29. Be2 Bf5 30. Ra1 g5 31. Ra6 Nd7 32. Rxe6 Bxe6 33. Bf3 Qf5 34. Qb3 Nf6 35. Qd1 g4 36.
Bh1 Ba3 37. Ra2 Rc1 38. Qe2 Bb4 39. Rb2 Bc3 40. Rb8+ Kg7 41. Rb3 Qc2 42. Rxc3 Qxc3 43.
f3 Bf5 44. fxg4 Bd3 45. Qf2 Qxd2 0-1

[Event "Early-Titled-Tuesday-Blitz-November-28-2023"]
[Site "Chess.com"]
[Date "2023.11.28"]
[Round "5"]
[White "Pastore1978"]
[Black "Leonid_Starozhilov"]
[Result "0-1"]
[WhiteElo "2505"]
[BlackElo "2744"]
[TimeControl "180+1"]
[EndTime "8:58:14 PST"]
[Termination "Leonid_Starozhilov won on time"]

1. e4 c6 2. d4 d5 3. exd5 cxd5 4. Bd3 Nc6 5. c3 Qc7 6. Ne2 Bg4 7. Qb3 Bxe2 8. Bxe2 e6 9. O-O Bd6 10. g3 h5 11. Bf3 h4 12. Na3 a6 13. Qc2 Nge7 14.
Qe2 hxg3 15. fxg3 O-O-O 16. Bg2 Nf5 17. Bf4 g6 18. Nc2 Rh7 19. Ne3 Rdh8 20. Ng4 Kb8 21. b4 Nce7 22. b5 a5 23. b6 Qxc3 24. Bxd6+ Nxd6 25. Qf2 Nef5 26. Rac1 Qb4 27. Rfd1 Qxb6 28. Qf4 Ka7 29. Rb1 Qc6 30. Rd2 Nc4 31. Rc2 Qd6 32.
Qf2 Rc8 33. Rbc1 Rc7 34. Bf1 Qb6 35. Nf6 Rh8 36. Rd1 Rhc8 37. Ng4 Ncd6 38. Rxc7 Rxc7 39. Qf4 Ne4 40. Ne5 Nxd4 41. Kh1 g5 0-1

[Event "Early-Titled-Tuesday-Blitz-November-28-2023"]
[Site "Chess.com"]
[Date "2023.11.28"]
[Round "5"]
[White "Roman_Ovetchkin"]
[Black "arenal72"]
[Result "1-0"]
[WhiteElo "2655"]
[BlackElo "2491"]
[TimeControl "180+1"]
[EndTime "8:58:14 PST"]
[Termination "Roman_Ovetchkin won by checkmate"]

1. d4 d6 2. e4 Nf6 3. Nc3 e5 4. Nf3 exd4 5. Nxd4 Be7 6. Be2 O-O 7. O-O Re8 8. f4 Bf8 9. Bf3 c5 10. Nb3 Nc6 11.
Kh1 a5 12. a4 Nb4 13. Re1 d5 14.
e5 Bf5 15. Re2 d4 16. Nb5 Ng4 17. h3 Qh4 18. Kg1 Ne3 19. Bxe3 dxe3 20. Na3 Qxf4 21.
Bxb7 Rad8 22. Qf1 Qxe5 23. Nc4 Qf6 24. Nxe3 Bxc2 25. Qxf6 gxf6 26. Rxc2 Rxe3 27. Rc3 Re2 28. Bf3 Rxb2 29. Nxa5 f5 30. Nc4 Bg7 31. Rcc1 Ra2 32.
Rxa2 Nxa2 33. Re1 Bc3 34. Re7 Rd4 35. Ne3 Rxa4 36. Nxf5 Bd4+ 37. Kf1 Kf8 38. Bh5 Nc3 39. Rxf7+ Kg8 40. Ne7+ Kh8 41. g4 Ra1+ 42. Kg2 Re1 43. Nf5 Kg8 44. Rc7 Ne4 45. Rc8# 1-0

[Event "Early-Titled-Tuesday-Blitz-November-28-2023"]
[Site "Chess.com"]
[Date "2023.11.28"]
[Round "5"]
[White "andrzej"]
[Black "Kapitan_Bayan"]
[Result "1-0"]
[WhiteElo "2461"]
[BlackElo "2293"]
[TimeControl "180+1"]
[EndTime "8:58:15 PST"]
[Termination "andrzej won on time"]

1. e4 c5 2. Nf3 d6 3. d4 cxd4 4.
Nxd4 Nf6 5. Nc3 a6 6. Be3 e5 7. Nb3 Be6 8. h3 h5 9. f4 Qc7 10. f5 Bc4 11. Bxc4 Qxc4 12. Qf3 Nbd7 13. Nd2 Qc6 14.
O-O b5 15. a4 b4 16. Nd5 Nxd5 17. exd5 Qxc2 18. Rac1 Qxa4 19. Rc7 Be7 20. Nc4 O-O 21. Qxh5 Nf6 22. Qf3 Bd8 23. Nb6 Qb5 24. Nxa8 Nxd5 25. Rc5 dxc5 26. Qxd5 Be7 27. f6 Bxf6 28. Rxf6 gxf6 29. Bh6 Qe2 30. Bxf8 Kxf8 31. Qxc5+ Kg7 32. Qf2 Qd1+ 33. Kh2 Qd5 34. Nb6 Qc6 35. b3 a5 36.
Na4 1-0

[Event "Early-Titled-Tuesday-Blitz-November-28-2023"]
[Site "Chess.com"]
[Date "2023.11.28"]
[Round "5"]
[White "GHANDEEVAM2003"]
[Black "MITerryble"]
[Result "1-0"]
[WhiteElo "3148"]
[BlackElo "2961"]
[TimeControl "180+1"]
[EndTime "8:58:16 PST"]
[Termination "GHANDEEVAM2003 won on time"]

1. c4 b6 2. g3 Bb7 3. Nf3 Nf6 4. Bg2 g6 5. O-O Bg7 6. d4 e6 7. Re1 O-O 8. Nc3 Ne4 9. Qd3 Nxc3 10. bxc3 d6 11.
e4 Nd7 12. h4 h6 13. Bf4 Qe7 14. Qd2 Kh7 15. a4 e5 16. Be3 a5 17. h5 Nf6 18.
hxg6+ fxg6 19. Nh4 Ng4 20. d5 Rf7 21. Bh3 Bc8 22. Qe2 h5 23. Kg2 Nxe3+ 24. Qxe3 Bxh3+ 25. Kxh3 Raf8 26. Rf1 Bh6 27. Qe2 Bg5 28. Ng2 Rf3 29.
Ne1 Rxc3 30. f3 h4 31. Nd3 hxg3 32. Rh1 Bf4 33. Kg2+ Kg7 34. Rh3 Rh8 35. Rah1 Rxh3 36. Rxh3 Qg5 37. Qd1 Rxc4 38. Qb3 Rc5 39. Nxc5 dxc5 40.
Qb5 Qe7 41. Rh1 Qd8 42. Qc6 1-0

[Event "Early-Titled-Tuesday-Blitz-November-28-2023"]
[Site "Chess.com"]
[Date "2023.11.28"]
[Round "5"]
[White "Qvalda"]
[Black "Shuvalov"]
[Result "0-1"]
[WhiteElo "2413"]
[BlackElo "2579"]
[TimeControl "180+1"]
[EndTime "8:58:16 PST"]
[Termination "Shuvalov won on time"]

1. Nf3 Nf6 2. g3 g6 3. b3 Bg7 4. Bb2 O-O 5. Bg2 c5 6. c4 d5 7. cxd5 Qxd5 8. d4 cxd4 9. Qxd4 Nc6 10. Qxd5 Nxd5 11. Bxg7 Kxg7 12. O-O Rd8 13. Rd1 Bf5 14. Na3 Nc3 15. Rxd8 Rxd8 16. Kf1 Nb4 17. Nh4 Bc8 18. Nc4 Nbxa2 19. Na5 b6 20. Nc6 Rd7 21. Nf3 Ba6 22. Nfd4 e5 23. Nb8 Rxd4 24. Nxa6 Rd2 25. e3 f5 26. Nc7 e4 27. Ne6+ Kf6 28. Nd4 a5 29.
h3 h5 30. g4 fxg4 31. hxg4 h4 32. Ke1 Rb2 33. Bf1 g5 34. Bg2 b5 35. Nf5 Rxb3 36. Nd6 Rb4 37. Ne8+ Ke5 38. Nc7 Rb2 39. Bf1 b4 40.
Na6 b3 41. Nc5 a4 42. Bc4 h3 43. Kf1 Rd2 44. Nxa4 Nxa4 45. Bxb3 N4c3 46. Kg1 Rc2 47. Bxc2 Nb4 0-1

[Event "Early-Titled-Tuesday-Blitz-November-28-2023"]
[Site "Chess.com"]
[Date "2023.11.28"]
[Round "5"]
[White "Hasangatin_Ramil"]
[Black "Firouzja2003"]
[Result "0-1"]
[WhiteElo "2698"]
[BlackElo "3044"]
[TimeControl "180+1"]
[EndTime "8:58:17 PST"]
[Termination "Firouzja2003 won on time"]

1. e4 e6 2. d3 d5 3. Qe2 Be7 4. Nf3 Nf6 5. g3 O-O 6. Bg2 c5 7. O-O Nc6 8. e5 Nd7 9. c4 b6 10. Re1 Bb7 11. h4 Re8 12. Bf4 Nf8 13. h5 Qd7 14. Nbd2 Rad8 15. Nf1 dxc4 16. dxc4 Qd3 17.
Qxd3 Rxd3 18. Ne3 Red8 19. b3 h6 20. Bf1 Nb4 21. Nh2 R3d4 22. Red1 Nh7 23. Rxd4 cxd4 24. Nd1 Ng5 25. Bg2 Ne4 26. Nb2 d3 27. Nf1 Bc5 28.
Be3 Bxe3 29. Nxe3 d2 30. Nbd1 Nd3 31. Rb1 Nxe5 32. Rb2 Nc5 33. Bxb7 Nxb7 34. Kf1 Nc5 35. Ke2 Ne4 36. Rc2 Nd3 37. Nb2 Nc1+ 38. Kf3 f5 39.
Nbd1 Nd3 40. Ke2 Nc1+ 41. Kf3 Kf7 42. g4 Ng5+ 43. Kg2 f4 44. Nf1 f3+ 45. Kg3 Ne2+ 0-1

[Event "Early-Titled-Tuesday-Blitz-November-28-2023"]
[Site "Chess.com"]
[Date "2023.11.28"]
[Round "5"]
[White "Doomfist26"]
[Black "atalz0"]
[Result "1/2-1/2"]
[WhiteElo "2618"]
[BlackElo "2483"]
[TimeControl "180+1"]
[EndTime "8:58:17 PST"]
[Termination "Game drawn - insufficient material"]

1. d4 Nf6 2. Nc3 d5 3. Bf4 c5 4. e3 cxd4 5. exd4 Bg4 6. Nf3 Nc6 7. Be2 e6 8. O-O Bd6 9. Bxd6 Qxd6 10. h3 Bh5 11.
Nb5 Qb8 12. c3 O-O 13. a4 Rc8 14. Na3 Na5 15. Nb1 Nc4 16. Qc1 b5 17. axb5 Qxb5 18.
b4 Bxf3 19. Bxf3 Nd6 20. Nd2 Qd3 21. Qb2 Qxc3 22. Qxc3 Rxc3 23. Ra6 Nb5 24. Rfa1 Nxd4 25. Rxa7 Rxa7 26. Rxa7 g6 27. Kf1 Rc2 28. Ke1 Rb2 29. Rb7 Rxb4 30. Ra7 Rb2 31. Bd1 Kg7 32. g3 h5 33. h4 Nf5 34. Nf3 Ng4 35. Ng5 Nfh6 36. Nxe6+ Kf6 37. Nf4 d4 38. Ra6+ Kg7 39. Bf3 Ne5 40. Bd5 d3 41. Ra2 Nf3+ 42. Kf1 Rxa2 43.
Bxa2 d2 44. Ke2 Nf5 45. Kd1 N5d4 46. Bd5 f6 47. Nd3 g5 48. hxg5 fxg5 49. Nc5 h4 50.
Ne6+ Kf6 51. Nxd4 Nxd4 52. Kxd2 Ke5 53. Bg2 hxg3 54. fxg3 Nf5 55. g4 Nh6 56. Bf3 Kf4 57.
Bd1 Nxg4 58. Ke1 Kg3 59. Be2 Ne3 60. Bh5 Ng2+ 61. Kf1 Nf4 62. Bd1 Nd3 63. Kg1 Ne5 64.
Be2 Nf3+ 65. Kf1 Nd2+ 66. Kg1 Nf3+ 67. Kf1 Nh2+ 68. Kg1 Ng4 69. Bd1 Ne3 70. Be2 Nf5 71. Ba6 Ne3 72. Bc8 Kf3 73. Bd7 Nd5 74. Bc8 Nf6 75.
Bb7+ Ne4 76. Bc8 Kf4 77. Bb7 Ke3 78. Ba8 Ng3 79. Kg2 Nf5 80. Kh3 Nd4 81. Kg4 Kd3 82.
Bb7 Ne6 83. Ba8 Nc5 84. Bb7 Ne6 85. Bc8 Nc5 86. Bf5+ Ne4 87. Bh7 Ke3 88. Bg6 Nf6+ 89. Kxg5 1/2-1/2

[Event "Early-Titled-Tuesday-Blitz-November-28-2023"]
[Site "Chess.com"]
[Date "2023.11.28"]
[Round "5"]
[White "LoveUMore"]
[Black "Witik"]
[Result "0-1"]
[WhiteElo "2565"]
[BlackElo "2802"]
[TimeControl "180+1"]
[EndTime "8:58:18 PST"]
[Termination "Witik won on time"]

1. d4 Nf6 2. c4 g6 3. Nc3 Bg7 4. e4 d6 5. Nge2 O-O 6. Ng3 c5 7. d5 e6 8. Be2 exd5 9. cxd5 h5 10.
Bg5 a6 11. a4 Qe8 12. O-O Nbd7 13. Qd2 Nh7 14. Bh4 Qe5 15. f4 Qd4+ 16. Qxd4 cxd4 17. Nd1 Re8 18. Bf3 d3 19. Ra3 d2 20. Rd3 Nc5 21. Rxd2 Nxa4 22. Ne2 Nc5 23. Nec3 Bg4 24. Bf2 Rac8 25. Bxg4 hxg4 26. Bxc5 Rxc5 27. Re1 f5 28. Rde2 Bd4+ 29. Kf1 Nf6 30. exf5 Rxe2 31. Nxe2 Rxd5 32. fxg6 Ba7 33. Ndc3 Rh5 34. Ng3 Rxh2 35. Re6 Kg7 36. f5 Bd4 37. Re7+ Kg8 38. Nce4 Nd5 39. Rd7 Be5 40. f6 Nxf6 41. Nxf6+ Bxf6 42. Nf5 Rh5 0-1

[Event "Early-Titled-Tuesday-Blitz-November-28-2023"]
[Site "Chess.com"]
[Date "2023.11.28"]
[Round "5"]
[White "DvaHrasta"]
[Black "CSB7"]
[Result "1/2-1/2"]
[WhiteElo "2504"]
[BlackElo "2714"]
[TimeControl "180+1"]
[EndTime "8:58:18 PST"]
[Termination "Game drawn by repetition"]

1. c4 g6 2. g3 Bg7 3. Bg2 Nf6 4.
Nc3 O-O 5. Nf3 d6 6. O-O c6 7. d3 e5 8. Rb1 a5 9. a3 Re8 10. e4 Na6 11. b4 axb4 12. axb4 Nc7 13. h3 h6 14. Be3 d5 15. cxd5 cxd5 16. Bb6 Ra6 17.
Bxc7 Qxc7 18. Nxd5 Nxd5 19. exd5 Rd6 20. Nd2 b5 21.
Ne4 Rxd5 22. Nf6+ Bxf6 23. Bxd5 Bxh3 24. Bg2 Bf5 25. Qb3 Qd6 26. Rfd1 Rd8 27. Be4 Be6 28. Qb2 Bg7 29. Rbc1 h5 30. Rc6 Qe7 31. Rdc1 h4 32. Kg2 Qg5 33. Rh1 hxg3 34. fxg3 Bg4 35. Rf1 f5 36.
Qb3+ Kh7 37. Rh1+ Bh5 38. Rxh5+ gxh5 39. Bf3 f4 40. Be4+ Kh8 41. Qf7 Qxg3+ 42. Kf1 Qh3+ 43. Ke1 Qe3+ 44. Kf1 Qh3+ 45. Ke1 Qg3+ 46. Kf1 Qh3+ 1/2-1/2

[Event "Early-Titled-Tuesday-Blitz-November-28-2023"]
[Site "Chess.com"]
[Date "2023.11.28"]
[Round "5"]
[White "secretsuperstar7"]
[Black "AnaKuchava"]
[Result "1-0"]
[WhiteElo "2456"]
[BlackElo "2225"]
[TimeControl "180+1"]
[EndTime "8:58:19 PST"]
[Termination "secretsuperstar7 won by checkmate"]

1. c4 e6 2. Nc3 d5 3. e3 Nf6 4.
Nf3 c5 5. cxd5 exd5 6. d4 Nc6 7. h3 Be7 8. Bd3 O-O 9. O-O c4 10. Bc2 a6 11. Ne5 Qc7 12. f4 b5 13. Qf3 Rd8 14. a3 Bb7 15. Bd2 Qb6 16. g4 b4 17.
axb4 Nxb4 18. Bb1 Nd3 19. Nxd3 cxd3 20. Bxd3 Qxb2 21. Qe2 Qb6 22. Rfb1 Qc7 23. Na4 Ne4 24. Rc1 Qd6 25. Ba5 Rdc8 26. Nb6 Rxc1+ 27. Rxc1 Re8 28. Bxa6 Bxa6 29. Qxa6 Bh4 30. Qb5 Qe7 31. Nxd5 Qf8 32. Qd3 h5 33. Kg2 hxg4 34. hxg4 Qd6 35. Nc3 Nxc3 36. Qxc3 Qd5+ 37. Kh3 Qf3+ 38. Kxh4 g5+ 39. Kxg5 Re6 40. Qc8+ Kg7 41. d5 Rg6+ 42. Kf5 Qxe3 43. Bc3+ Kh7 44. Qh8# 1-0

[Event "Early-Titled-Tuesday-Blitz-November-28-2023"]
[Site "Chess.com"]
[Date "2023.11.28"]
[Round "5"]
[White "TheCavemanChess"]
[Black "HATilay"]
[Result "1/2-1/2"]
[WhiteElo "2711"]
[BlackElo "2504"]
[TimeControl "180+1"]
[EndTime "8:58:21 PST"]
[Termination "Game drawn by repetition"]

1. e4 c5 2. Nf3 e6 3. c3 d5 4. e5 d4 5. Bd3 Bd7 6. O-O Bc6 7. Re1 Ne7 8. Na3 Ng6 9. Be4 Bxe4 10. Rxe4 d3 11. Qf1 b5 12. Nxb5 Nc6 13. Ne1 Ngxe5 14.
f4 f5 15. Rxe5 Nxe5 16. fxe5 c4 17. Nd4 Qd5 18. b3 Bc5 19. Nf3 cxb3 20. axb3 g5 21. Ba3 Bxa3 22. Rxa3 g4 23. Ng5 Qxe5 24. Ngxe6 a5 25.
Nxf5 Ra6 26. Ned4 O-O 27. Qxd3 Raf6 28. Ra1 Rxf5 29. Nxf5 Rxf5 30. Qc4+ Kg7 31. Qxg4+ Rg5 32. Qf3 Rf5 33. Qg3+ Qxg3 34. hxg3 Rd5 35. d4 Rb5 36. c4 Rxb3 37. Rxa5 Rb4 38. Rc5 Rb1+ 39. Kf2 Rd1 40.
Kf3 Rxd4 41. Rc7+ Kg6 42. g4 Rd3+ 43. Ke4 Rg3 44. Kf4 Rxg2 45. c5 Rc2 46. Rc8 Rc4+ 47. Kf3 Kg7 48. c6 h6 49. Kg3 Kh7 50. Kh4 Rc5 51.
Rc7+ Kg6 52. Rc8 Kh7 53. Kg3 Rc4 54. Kf3 Kg7 55. Kg3 Kh7 1/2-1/2

[Event "Early-Titled-Tuesday-Blitz-November-28-2023"]
[Site "Chess.com"]
[Date "2023.11.28"]
[Round "5"]
[White "giomar27"]
[Black "Ginzburg_Yakov"]
[Result "0-1"]
[WhiteElo "2442"]
[BlackElo "2603"]
[TimeControl "180+1"]
[EndTime "8:58:21 PST"]
[Termination "Ginzburg_Yakov won on time"]

1. e4 c5 2. Nf3 e6 3. d4 cxd4 4.
Nxd4 Nf6 5. Nc3 Nc6 6. a3 a6 7.
Be3 Qc7 8. Be2 Be7 9. O-O O-O 10. f4 d6 11. Nxc6 Qxc6 12. Bf3 Qc7 13. g4 Rb8 14. g5 Nd7 15. Qe1 b5 16. f5 Ne5 17. Be2 Re8 18. f6 Bf8 19. Qf2 b4 20. axb4 Rxb4 21. fxg7 Bxg7 22. Bd4 Rxd4 23. Kh1 Rd2 24. Qe3 Rxc2 25.
Bxa6 Bxa6 26. Rxa6 Rxb2 27. Ra7 Qc4 28. Qf4 Rf8 29.
Nd1 Rb1 30. h4 Nd3 31. Qf3 Rxd1 32. Rxd1 Ne5 33. Qf4 Qc5 34. Ra2 Rb8 35. h5 Qc6 36. Rf2 Rf8 37. Rdf1 f5 38. gxf6 Rxf6 39. Qe3 Ng4 40.
Rxf6 Nxe3 41. Rf7 Qxe4+ 0-1